 Dungeon Crawl Stone Soup version 0.28.0-43-g3370ac3207 (webtiles) character file.

Game seed: 7167913972723423591

116746 smarlow the Deadly Accurate (level 16, -4/125 HPs)
             Began as a Gnoll Conjurer on Mar 30, 2022.
             Was a High Priest of Vehumet.
             Shot with a bolt by a naga sharpshooter (6 damage)
             ... led by Vashnia
             ... on level 3 of the Snake Pit.
             The game lasted 02:21:43 (40551 turns).

smarlow the Deadly Accurate (Gnoll Conjurer)       Turns: 40551, Time: 02:21:43

Health: -4/125     AC: 18    Str:  6    XL:     16   Next: 72%
Magic:  3/41       EV: 14    Int: 24    God:    Vehumet [*****.]
Gold:   1712       SH:  5    Dex: 16    Spells: 2/39 levels left

rFire   + . .      SeeInvis .   I - staff of conjuration
rCold   . . .      Faith    .   (no shield)
rNeg    + + .      Spirit   .   m - +0 swamp dragon scales
rPois   +          Reflect  +   e - +2 helmet of the Arcane {rN++}
rElec   +          Harm     .   w - +0 cloak {rC+}
rCorr   .          Rampage  .   V - +0 pair of gloves
Will    +....                   b - +0 pair of boots of Jopo {rElec Dex+3}
Stlth   ++++......              o - amulet of reflection
HPRegen 0.30/turn               W - ring of fire
MPRegen 0.27/turn               E - ring of magical power

@: about to teleport, studying Throwing
A: fangs 1, strong nose, distributed training
a: Renounce Religion


You were on level 3 of the Snake Pit.
You worshipped Vehumet.
Vehumet was extremely pleased with you.
You visited 6 branches of the dungeon, and saw 26 of its levels.
You also visited: Ice Cave.

You collected 2922 gold pieces.
You spent 1210 gold pieces at shops.

Inventory:

Hand Weapons
 q - a +3 rapier of speed
Missiles
 z - 47 poisoned darts
Armour
 b - the +0 pair of boots of Jopo (worn) {rElec Dex+3}
   (You found it on level 12 of the Dungeon)

   Dex:       It affects your dexterity (+3).
   rElec:     It insulates you from electricity.
 e - the +2 helmet of the Arcane (worn) {rN++}
   (You acquired it on level 2 of the Orcish Mines)

   rN:        It greatly protects you from negative energy.
 m - +0 swamp dragon scales (worn)
 w - a +0 cloak of cold resistance (worn)
 L - a +2 robe of the Archmagi
 V - a +0 pair of gloves (worn)
 Y - a +3 troll leather armour {Snorg}
Magical Staves
 B - a staff of fire
 I - a staff of conjuration (weapon)
Jewellery
 n - a ring of protection from cold
 o - an amulet of reflection (around neck)
 u - a ring of ice
 E - a ring of magical power (right hand)
 Q - a ring of protection from fire
 R - a +6 ring of dexterity
 T - a ring of see invisible
 W - a ring of fire (left hand)
 X - a ring of positive energy
Wands
 k - a wand of flame (58)
 p - a wand of charming (2)
 G - a wand of acid (11)
 K - a wand of paralysis (8)
 M - a wand of polymorph (2)
 N - a wand of iceblast (18)
 S - a wand of digging (9)
Scrolls
 d - 4 scrolls of immolation
 g - 3 scrolls of holy word
 i - a scroll of silence
 s - 6 scrolls of fog
 t - 6 scrolls of teleportation
 v - a scroll of acquirement
 C - a scroll of brand weapon
 J - 3 scrolls of magic mapping
 Z - 5 scrolls of identify
Potions
 a - 3 potions of berserk rage
 c - 3 potions of flight
 f - 3 potions of brilliance
 j - 4 potions of haste
 l - 4 potions of might
 r - a potion of magic
 A - 2 potions of ambrosia
 D - 3 potions of mutation
 P - 2 potions of cancellation
 U - a potion of resistance


   Skills:
 + Level 11.1 Fighting
 + Level 11.1 Short Blades
 + Level 11.1 Long Blades
 + Level 11.1 Axes
 + Level 11.1 Maces & Flails
 + Level 11.1 Polearms
 + Level 11.1 Staves
 + Level 11.1 Slings
 + Level 11.1 Bows
 + Level 11.1 Crossbows
 + Level 15.0 Throwing
 + Level 11.1 Armour
 + Level 12.0 Dodging
 + Level 11.9 Stealth
 + Level 11.1 Shields
 + Level 11.1 Unarmed Combat
 + Level 12.1 Spellcasting
 + Level 11.7 Conjurations
 + Level 9.3 Hexes
 + Level 9.3 Summonings
 + Level 9.3 Necromancy
 + Level 9.3 Translocations
 + Level 9.3 Transmutations
 + Level 9.3 Fire Magic
 + Level 9.3 Ice Magic
 + Level 9.3 Air Magic
 + Level 9.3 Earth Magic
 + Level 9.3 Poison Magic
 + Level 12.1 Invocations
 + Level 11.1 Evocations


You had 2 spell levels left.
You knew the following spells:

 Your Spells              Type           Power      Damage    Failure   Level
a - Magic Dart            Conj           100%       1d8       1%          1
b - Searing Ray           Conj           100%       2d8       1%          2
c - Fulminant Prism       Conj/Hex       39%        3d18      1%          4
d - Iskenderun's Mystic   Conj/Tloc      78%        2d16      1%          4
e - Freeze                Ice            100%       1d11      1%          1
f - Scorch                Fire           100%       2d10      1%          2
g - Poisonous Vapours     Pois/Air       100%       N/A       1%          2
h - Sticky Flame          Conj/Fire      98%        2d11      1%          4
i - Starburst             Conj/Fire      49%        6d13      7%          6
j - Flame Wave            Conj/Fire      98%        2d16      1%          4
k - Blink                 Tloc           100%       N/A       1%          2
l - Lightning Bolt        Conj/Air       39%        1d57      1%          5

Your spell library contained the following spells:

 Spells                   Type           Power      Damage    Failure   Level
 Iskenderun's Battlesphe  Conj           82%        2d13      1%          5
 Foxfire                  Conj/Fire      100%       2x1d9     1%          1
 Shock                    Conj/Air       100%       1d9       1%          1
 Static Discharge         Conj/Air       78%        N/A       1%          2
 Conjure Flame            Conj/Fire      98%        6-21      1%          3
 Dazzling Flash           Conj/Hex       100%       N/A       1%          3
 Frozen Ramparts          Ice            100%       1d12      1%          3
 Inner Flame              Hex/Fire       74%        N/A       1%          3
 Mephitic Cloud           Conj/Pois/Air  76%        N/A       1%          3
 Swiftness                Air            56%        N/A       1%          3
 Airstrike                Air            28%        N/A       1%          4
 Freezing Cloud           Conj/Ice/Air   38%        6-21      1%          5
 Irradiate                Conj/Tmut      39%        3d27      1%          5
 Lee's Rapid Deconstruct  Erth           28%        3d16*     1%          5
 Ice Form                 Ice/Tmut       56%        N/A       2%          4
 Leda's Liquefaction      Hex/Erth       28%        N/A       2%          4
 Summon Ice Beast         Ice/Summ       56%        N/A       2%          4
 Manifold Assault         Tloc           56%        N/A       7%          5
 Eringya's Noxious Bog    Tmut/Pois      28%        N/A       11%         6
 Statue Form              Tmut/Erth      37%        N/A       36%         6
 Storm Form               Tmut/Air       28%        N/A       91%         7
 Chain Lightning          Conj/Air       39%        3d52      100%        9
 Fire Storm               Conj/Fire      49%        8d12      100%        9
 Shatter                  Erth           28%        3d23*     100%        9


Dungeon Overview and Level Annotations

Branches:
Dungeon (13/15)            Temple (1/1) D:4            Lair (6/6) D:10
 Shoals (0/4) Lair:4        Snake (3/4) Lair:3        Slime (0/5) Lair:6
    Orc (2/2) D:10            Elf (1/3) Orc:2         IceCv (visited)
 Vaults: D:13-14

Altars:
Ashenzari
Cheibriados
Dithmenos
Elyvilon
Fedhas
Gozag
Hepliaklqana
Kikubaaqudgha
Makhleb
Nemelex Xobeh
Okawaru
Qazlal
Ru
Sif Muna
Trog
Uskayaw
Vehumet
Wu Jian
Xom
Yredelemnul
The Shining One
Lugonu

Shops:
D:12 *   Orc:2 ?(*!

Annotations:
D:8 2 transporters
D:9 Psyche
D:11 3 runed translucent doors, exclusion: obsidian statue, bnorton916's ghost, journeyman BaIE
Snake:3 Vashnia


Innate Abilities, Weirdness & Mutations

You have very sharp teeth.
Your uncanny sense of smell can sniff out nearby items.
Your experience applies equally to all skills.


Message History

The naga sharpshooter gestures wildly while chanting.
The naga sharpshooter magically shoots an arrow.
The arrow hits you!
* * * LOW HITPOINT WARNING * * *
Vashnia shouts!
Okay, then.
Okay, then.
As you read the scroll of fear, it crumbles to dust.
You assume a fearsome visage.
Vashnia resists with almost no effort.
The naga sharpshooter resists with almost no effort.
The naga sharpshooter looks frightened!
You hear a shout! x2
A naga sharpshooter comes into view. It is wielding a +0 hand axe.
As you read the scroll of teleportation, it crumbles to dust.
You feel strangely unstable.
Vashnia unwields a +1 vorpal hand axe.
Vashnia wields a +0 longbow of freezing.
It is covered in frost.
Vashnia mumbles some strange words.
Vashnia magically shoots an arrow.
The arrow hits you!
* * * LOW HITPOINT WARNING * * *
The arrow freezes you.
* * * LOW HITPOINT WARNING * * *
A naga sharpshooter comes into view. It is wielding a +0 war axe.
You feel better.
The naga sharpshooter unwields a +0 hand axe.
The naga sharpshooter wields a +0 arbalest.
The naga sharpshooter shoots a bolt.
The bolt barely misses you.
Vashnia shoots an arrow.
The arrow hits you!!
* * * LOW HITPOINT WARNING * * *
The arrow freezes you!
* * * LOW HITPOINT WARNING * * *
You feel better.
The naga sharpshooter unwields a +0 war axe.
The naga sharpshooter wields a +0 arbalest.
The naga sharpshooter casts a spell.
The naga sharpshooter magically shoots a bolt.
The bolt hits you!
* * * LOW HITPOINT WARNING * * *
The naga sharpshooter shoots a bolt.
The bolt hits you.
You die...

#.#.
########
...#. ##
### #. N.
.# #. ##.
.# #. ..
.# #. .#
######.#.#
N.N..N(@.#
#.......##
#.......#
#.......#
#.N.....#
#.......#
#........
∆
#.......#
#


You could see Vashnia and 4 naga sharpshooters.

Vanquished Creatures
  Rupert (Snake:1)
  Frances (Snake:1)
  Agnes (Snake:1)
  A nagaraja (Snake:3)
  A reaper (IceCv)
  Nessos (Lair:6)
  Snorg (Orc:1)
  A fire dragon (Lair:6)
  4 naga warriors
  9 hydras
  Fannar (Orc:1)
  3 boulder beetles
  A centaur warrior (D:9)
  2 alligators (Lair:4)
  4 anacondas
  2 two-headed ogres
  5 death yaks (Lair:4)
  An orc high priest (Orc:2)
  4 shock serpents
  2 naga sharpshooters
  2 salamander mystics (Snake:2)
  3 swamp dragons
  3 naga ritualists
  A deep elf pyromancer (D:12)
  8 mana vipers
  2 wolf spiders (Lair:6)
  2 orc knights (Orc:2)
  An ugly thing (D:12)
  2 deep elf zephyrmancers
  5 salamanders
  5 orc sorcerers (Orc:2)
  4 manticores
  13 elephants
  A centaur zombie (D:10)
  35 black mambas
  An eye of devastation (Lair:6)
  8 naga magi
  4 guardian serpents
  2 ice statues (IceCv)
  20 cane toads
  9 rime drakes
  A freezing wraith (IceCv)
  7 komodo dragons
  7 ice devils (IceCv)
  A kobold demonologist (D:10)
  5 polar bears
  11 trolls
  2 tyrant leeches (Lair:4)
  11 dream sheep
  A meliai zombie (D:11)
  2 hornets (Lair:6)
  10 blink frogs
  A vampire (D:10)
  A shadow (D:11)
  11 wyverns
  75 yaks
  Eustachio (D:5)
  5 steam dragons
  2 basilisks
  A death yak simulacrum (IceCv)
  A redback (Lair:6)
  14 nagas
  2 swamp worms (Lair:4)
  3 acid dragons
  A warg (Orc:2)
  Duvessa (D:4)
  30 water moccasins
  A floating eye (Lair:6)
  2 swamp drakes (Lair:4)
  18 orc warriors
  A sky beast (D:7)
  6 ogres
  A black bear (Lair:5)
  3 necrophages
  A boggart (D:9)
  32 wolves
  8 centaurs
  A phantom (D:6)
  9 bullfrogs
  3 kobold brigands
  A wyvern zombie (D:5)
  4 two-headed ogre simulacra
  A gnoll sergeant (D:7)
  A wyvern skeleton (D:5)
  2 scorpions
  2 cane toad simulacra (IceCv)
  2 elephant simulacra (IceCv)
  Dowan (D:4)
  10 killer bees
  9 electric eels
  3 vampire bats (Orc:1)
  9 wights
  3 howler monkeys
  A lava snake (Orc:1)
  A bullfrog zombie (D:5)
  4 jellies
  16 orc priests
  2 bullfrog skeletons
  2 centaur skeletons
  4 hounds
  7 iguanas
  7 hell rats (Lair:6)
  25 orc wizards
  A polar bear simulacrum (Orc:2)
  3 spriggan simulacra (IceCv)
  A killer bee zombie (D:4)
  2 troll simulacra
  5 wolf simulacra
  A howler monkey zombie (D:9)
  8 gnolls
  3 naga simulacra
  5 adders
  A shadow imp (D:7)
  3 white imps (IceCv)
  4 ufetubi
  2 adder skeletons (D:4)
  A worm (D:3)
  A dart slug (D:4)
  48 orcs
  15 endoplasms
  3 giant cockroaches
  8 goblins
  8 hobgoblins
  4 jackals (D:1)
  13 kobolds
  5 quokkas
  9 ball pythons
  10 bats
  3 frilled lizards (D:1)
  7 rats
  A spectral hobgoblin (D:1)
  2 bushes
  A fulminant prism (Lair:4)
765 creatures vanquished.

Vanquished Creatures (others)
  446 fulminant prisms
  87 fungi
  174 plants
707 creatures vanquished.

Grand Total: 1472 creatures vanquished

Notes
Turn   | Place    | Note
-------+----------+-------------------------------------------
     0 | D:1      | smarlow the Gnoll Conjurer began the quest for the Orb.
     0 | D:1      | Reached XP level 1. HP: 13/13 MP: 6/6
   348 | D:1      | Reached XP level 2. HP: 19/19 MP: 4/7
   927 | D:1      | Found a faded altar of an unknown god.
  1079 | D:1      | Reached XP level 3. HP: 25/25 MP: 5/9
  1082 | D:1      | Learned a level 2 spell: Searing Ray
  1251 | D:1      | Reached skill level 5 in Spellcasting
  1719 | D:2      | Reached skill level 1 in Invocations
  1909 | D:2      | Reached skill level 1 in Fighting
  1909 | D:2      | Reached skill level 1 in Short Blades
  1909 | D:2      | Reached skill level 1 in Long Blades
  1909 | D:2      | Reached skill level 1 in Axes
  1909 | D:2      | Reached skill level 1 in Maces & Flails
  1909 | D:2      | Reached skill level 1 in Polearms
  1909 | D:2      | Reached skill level 1 in Staves
  1909 | D:2      | Reached skill level 1 in Slings
  1909 | D:2      | Reached skill level 1 in Bows
  1909 | D:2      | Reached skill level 1 in Crossbows
  1909 | D:2      | Reached skill level 1 in Throwing
  1909 | D:2      | Reached skill level 1 in Armour
  1909 | D:2      | Reached skill level 1 in Shields
  1909 | D:2      | Reached skill level 1 in Unarmed Combat
  1909 | D:2      | Reached skill level 1 in Evocations
  2221 | D:2      | Reached XP level 4. HP: 32/32 MP: 9/11
  2495 | D:2      | Learned a level 4 spell: Fulminant Prism
  2500 | D:2      | Learned a level 4 spell: Iskenderun's Mystic Blast
  2895 | D:3      | Found a shimmering altar of Xom.
  2926 | D:3      | Noticed a necrophage
  2934 | D:3      | Killed a necrophage
  2935 | D:3      | Reached skill level 1 in Hexes
  2935 | D:3      | Reached skill level 1 in Summonings
  2935 | D:3      | Reached skill level 1 in Necromancy
  2935 | D:3      | Reached skill level 1 in Translocations
  2935 | D:3      | Reached skill level 1 in Transmutations
  2935 | D:3      | Reached skill level 1 in Fire Magic
  2935 | D:3      | Reached skill level 1 in Ice Magic
  2935 | D:3      | Reached skill level 1 in Air Magic
  2935 | D:3      | Reached skill level 1 in Earth Magic
  2935 | D:3      | Reached skill level 1 in Poison Magic
  2935 | D:3      | Reached XP level 5. HP: 37/37 MP: 1/12
  3804 | D:4      | Reached XP level 6. HP: 44/44 MP: 9/13
  3967 | D:4      | Noticed Dowan
  3968 | D:4      | Noticed Duvessa
  4306 | D:4      | Noticed a yak
  4306 | D:4      | Noticed a yak
  4309 | D:4      | Noticed a yak
  4310 | D:4      | Noticed a yak
  4312 | D:5      | Entered Level 5 of the Dungeon
  4312 | D:5      | Noticed Eustachio
  4407 | D:6      | Reached skill level 5 in Dodging
  4794 | D:5      | Reached skill level 2 in Throwing
  5353 | D:5      | Killed Eustachio
  5354 | D:5      | Reached XP level 7. HP: 44/51 MP: 2/15
  5553 | D:5      | Reached skill level 5 in Stealth
  6148 | D:5      | Reached XP level 8. HP: 33/57 MP: 1/16
  6338 | D:5      | Found a blossoming altar of Fedhas.
  6460 | D:5      | Reached skill level 3 in Throwing
  6645 | D:5      | Found a shadowy altar of Dithmenos.
  6646 | D:5      | Found a bloodstained altar of Trog.
  6646 | D:5      | Found a glowing golden altar of the Shining One.
  6803 | D:5      | Killed a yak
  7674 | D:6      | Reached skill level 4 in Throwing
  7979 | D:6      | Reached XP level 9. HP: 65/65 MP: 14/18
  8967 | D:7      | Reached skill level 5 in Throwing
  9530 | D:7      | Found a shimmering blue altar of Sif Muna.
  9932 | D:4      | Found a staircase to the Ecumenical Temple.
  9942 | Temple   | Entered the Ecumenical Temple
 10148 | Temple   | Became a worshipper of Vehumet
 10413 | D:4      | Reached skill level 5 in Invocations
 10865 | D:4      | Killed Duvessa
 10866 | D:4      | Reached skill level 6 in Throwing
 10866 | D:4      | Reached XP level 10. HP: 73/73 MP: 1/20
 11041 | D:4      | Killed Dowan
 11455 | D:7      | Reached skill level 5 in Fighting
 11455 | D:7      | Reached skill level 5 in Short Blades
 11455 | D:7      | Reached skill level 5 in Long Blades
 11455 | D:7      | Reached skill level 5 in Axes
 11455 | D:7      | Reached skill level 5 in Maces & Flails
 11455 | D:7      | Reached skill level 5 in Polearms
 11455 | D:7      | Reached skill level 5 in Staves
 11455 | D:7      | Reached skill level 5 in Slings
 11455 | D:7      | Reached skill level 5 in Bows
 11455 | D:7      | Reached skill level 5 in Crossbows
 11455 | D:7      | Reached skill level 5 in Armour
 11455 | D:7      | Reached skill level 5 in Shields
 11455 | D:7      | Reached skill level 5 in Unarmed Combat
 11455 | D:7      | Reached skill level 5 in Evocations
 12047 | D:8      | Found a transporter.
 12047 | D:8      | Noticed a cyan ugly thing
 12295 | D:8      | Found a burning altar of Makhleb.
 12380 | D:8      | Noticed a red ugly thing
 12683 | D:8      | Found a transporter.
 12687 | D:8      | Found the necklace of Bloodlust {*Rage Will++ Int-3 Slay+6}
 12688 | D:8      | Found a corrupted altar of Lugonu.
 12691 | D:8      | Noticed a white ugly thing
 12776 | D:9      | Noticed Psyche
 12809 | D:9      | Noticed a centaur warrior
 12813 | D:9      | Killed a centaur warrior
 13445 | D:9      | Reached * piety under Vehumet
 13445 | D:9      | Offered knowledge of Freeze by Vehumet.
 13727 | D:9      | Reached skill level 7 in Throwing
 13788 | D:9      | Found a sacrificial altar of Ru.
 14341 | D:9      | Found a sparkling altar of Nemelex Xobeh.
 14443 | D:9      | Noticed a death knight
 14600 | D:9      | Reached XP level 11. HP: 81/81 MP: 21/22
 14824 | D:10     | Entered Level 10 of the Dungeon
 15046 | D:10     | Found a staircase to the Orcish Mines.
 15068 | D:10     | Reached skill level 5 in Hexes
 15068 | D:10     | Reached skill level 5 in Summonings
 15068 | D:10     | Reached skill level 5 in Necromancy
 15068 | D:10     | Reached skill level 5 in Translocations
 15068 | D:10     | Reached skill level 5 in Transmutations
 15068 | D:10     | Reached skill level 5 in Fire Magic
 15068 | D:10     | Reached skill level 5 in Ice Magic
 15068 | D:10     | Reached skill level 5 in Air Magic
 15068 | D:10     | Reached skill level 5 in Earth Magic
 15068 | D:10     | Reached skill level 5 in Poison Magic
 15201 | D:10     | Found a staircase to the Lair.
 15223 | D:10     | Noticed a seven-headed hydra
 15276 | D:10     | Killed a seven-headed hydra
 15277 | D:10     | Reached skill level 8 in Throwing
 16442 | D:11     | Learned a level 1 spell: Freeze
 16577 | D:11     | Reached ** piety under Vehumet
 16577 | D:11     | Offered knowledge of Scorch by Vehumet.
 16943 | D:11     | Noticed a two-headed ogre
 16951 | D:11     | Killed a two-headed ogre
 17321 | D:11     | Noticed a manticore
 17325 | D:11     | Killed a manticore
 17340 | D:11     | Reached skill level 9 in Throwing
 17552 | D:11     | Found a runed translucent gate.
 17553 | D:11     | Found a runed translucent gate.
 17554 | D:11     | Found a runed translucent gate.
 17555 | D:11     | Found an opulent altar of Gozag.
 17556 | D:11     | Noticed an obsidian statue
 17557 | D:11     | Noticed bnorton916's ghost (journeyman BaIE)
 17557 | D:11     | Noticed a five-headed hydra
 17874 | D:11     | Noticed a four-headed hydra
 17880 | D:11     | Killed a four-headed hydra
 17881 | D:11     | Reached XP level 12. HP: 64/89 MP: 21/24
 18209 | D:12     | Identified the +0 pair of boots of Jopo {rElec Dex+3}
 18470 | D:12     | Noticed a five-headed hydra
 18474 | D:12     | Killed a five-headed hydra
 18486 | D:12     | Noticed a boulder beetle
 18539 | D:12     | Noticed a boulder beetle
 18724 | D:12     | Killed a boulder beetle
 18858 | D:11     | Learned a level 2 spell: Scorch
 19516 | D:12     | Killed a boulder beetle
 20033 | D:12     | Noticed a two-headed ogre
 20039 | D:12     | Killed a two-headed ogre
 20058 | D:12     | Offered knowledge of Poisonous Vapours by Vehumet.
 20059 | D:12     | Reached skill level 10 in Throwing
 20066 | D:12     | Learned a level 2 spell: Poisonous Vapours
 20223 | D:12     | Found Hischud's Assorted Antiques.
 20226 | D:12     | Bought a scroll of identify for 56 gold pieces
 20228 | D:12     | Bought a scroll labelled URAXKEQOSCHY for 28 gold pieces
 20228 | D:12     | Bought a smoky emerald potion for 25 gold pieces
 20228 | D:12     | Bought a scroll labelled BAXODESEIDEGG for 28 gold pieces
 20228 | D:12     | Bought a coppery potion for 25 gold pieces
 20740 | Lair:1   | Entered Level 1 of the Lair of Beasts
 20853 | Lair:1   | Found an opulent altar of Gozag.
 20947 | Lair:1   | Reached *** piety under Vehumet
 21023 | Lair:1   | Reached XP level 13. HP: 96/98 MP: 16/26
 21045 | Lair:1   | Offered knowledge of Sticky Flame by Vehumet.
 23164 | Lair:3   | Reached skill level 11 in Throwing
 23290 | Lair:3   | Learned a level 4 spell: Sticky Flame
 23567 | Lair:3   | Reached **** piety under Vehumet
 23574 | Lair:3   | Reached skill level 10 in Conjurations
 23636 | Lair:3   | Found a staircase to the Snake Pit.
 23661 | Lair:3   | Offered knowledge of Irradiate by Vehumet.
 23677 | Lair:2   | Learned a level 5 spell: Irradiate
 24807 | Lair:4   | Reached skill level 10 in Spellcasting
 25148 | Lair:4   | Learned a level 4 spell: Flame Wave
 25225 | Lair:4   | Found a staircase to the Shoals.
 25546 | Lair:4   | Reached skill level 10 in Dodging
 25552 | Lair:4   | Reached XP level 14. HP: 57/106 MP: 0/28
 26051 | Lair:4   | Reached skill level 12 in Throwing
 26515 | Lair:5   | Reached skill level 10 in Stealth
 27151 | Lair:5   | Reached ***** piety under Vehumet
 27151 | Lair:5   | Offered knowledge of Ozocubu's Refrigeration by Vehumet.
 27152 | Lair:5   | Reached skill level 10 in Invocations
 28106 | Lair:6   | Entered Level 6 of the Lair of Beasts
 28994 | Lair:6   | Reached skill level 13 in Throwing
 29488 | Lair:6   | Offered knowledge of Freezing Cloud by Vehumet.
 29522 | Lair:6   | Reached XP level 15. HP: 63/115 MP: 4/29
 30078 | Lair:6   | Noticed Nessos
 30086 | Lair:6   | Killed Nessos
 30677 | Lair:6   | Found a staircase to the Slime Pits.
 30712 | Lair:6   | Reached skill level 10 in Fighting
 30712 | Lair:6   | Reached skill level 10 in Short Blades
 30712 | Lair:6   | Reached skill level 10 in Long Blades
 30712 | Lair:6   | Reached skill level 10 in Axes
 30712 | Lair:6   | Reached skill level 10 in Maces & Flails
 30712 | Lair:6   | Reached skill level 10 in Polearms
 30712 | Lair:6   | Reached skill level 10 in Staves
 30712 | Lair:6   | Reached skill level 10 in Slings
 30712 | Lair:6   | Reached skill level 10 in Bows
 30712 | Lair:6   | Reached skill level 10 in Crossbows
 30712 | Lair:6   | Reached skill level 10 in Armour
 30712 | Lair:6   | Reached skill level 10 in Shields
 30712 | Lair:6   | Reached skill level 10 in Unarmed Combat
 30712 | Lair:6   | Reached skill level 10 in Evocations
 31437 | Lair:6   | Got Suvebbal's Papyrus of Feathers and Poisoning
 31545 | Lair:6   | Learned a level 2 spell: Blink
 31551 | Lair:6   | Learned a level 5 spell: Freezing Cloud
 31960 | Orc:1    | Entered Level 1 of the Orcish Mines
 31960 | Orc:1    | Noticed Fannar
 31964 | Orc:1    | Killed Fannar
 31983 | Orc:1    | Offered knowledge of Starburst by Vehumet.
 31995 | D:10     | Learned a level 6 spell: Starburst
 32292 | Orc:2    | Entered Level 2 of the Orcish Mines
 32323 | Orc:2    | Found a staircase to the Elven Halls.
 32355 | Elf:1    | Entered Level 1 of the Elven Halls
 32419 | Orc:2    | Found a frozen archway.
 32497 | IceCv    | Entered an ice cave
 33583 | Orc:2    | Paralysed by an orc sorcerer for 6 turns
 33623 | Orc:1    | Noticed Snorg
 33694 | Orc:1    | Killed Snorg
 33948 | Orc:2    | Offered knowledge of Lightning Bolt by Vehumet.
 34246 | Orc:2    | Reached skill level 14 in Throwing
 34434 | Orc:2    | Found Beecuhez's Magic Scroll Boutique.
 34434 | Orc:2    | Found Acsyfuv's General Store.
 34435 | Orc:2    | Found Vebbul's Distillery.
 34439 | Orc:2    | Found Qeafu's Weapon Boutique.
 34442 | Orc:2    | Bought a scroll of teleportation for 42 gold pieces
 34442 | Orc:2    | Bought a scroll of acquirement for 728 gold pieces
 34442 | Orc:2    | Bought a scroll of teleportation for 42 gold pieces
 34442 | Orc:2    | Bought a scroll of identify for 28 gold pieces
 34442 | Orc:2    | Bought a scroll of identify for 28 gold pieces
 34442 | Orc:2    | Bought a scroll of identify for 28 gold pieces
 34442 | Orc:2    | Bought a scroll of identify for 28 gold pieces
 34442 | Orc:2    | Bought a scroll of identify for 28 gold pieces
 34444 | Orc:2    | Bought a potion of cancellation for 96 gold pieces
 34469 | Orc:2    | Acquired the +2 helmet of the Arcane {rN++}
 34492 | Orc:2    | Learned a level 5 spell: Lightning Bolt
 35495 | Snake:1  | Entered Level 1 of the Snake Pit
 35507 | Snake:1  | Noticed Rupert
 35518 | Snake:1  | Killed Rupert
 35741 | Snake:1  | Reached XP level 16. HP: 115/123 MP: 4/31
 36080 | Snake:1  | Identified the +3 scale mail "Coagudgh" {Dex+4}
 36175 | Snake:1  | Noticed Agnes
 36200 | Snake:1  | Killed Agnes
 36835 | Snake:1  | Noticed Frances
 36999 | Snake:1  | Killed Frances
 39300 | Snake:2  | Identified the +0 leather armour of Juriq {Rampage rElec
                  | Int+4 Dex-4}
 39588 | Snake:3  | Noticed a nagaraja
 39599 | Snake:3  | Killed a nagaraja
 39914 | Snake:3  | Offered knowledge of Iskenderun's Battlesphere by Vehumet.
 40124 | Snake:3  | Reached skill level 15 in Throwing
 40547 | Snake:3  | Noticed Vashnia
 40550 | Snake:3  | HP: 4/125 [Vashnia/arrow (9)]
 40551 | Snake:3  | Shot with a bolt by a naga sharpshooter

Illustrated notes

Levels and vault maps discovered:
D:1:      lightli_arrival_isolated_outpost, layout_basic,
          dreamdust_ecumenical_altar_drowned_temple
D:2:      layout_basic
D:3:      layout_basic, lemuel_crystal_altar
D:4:      layout_cave_pools, minmay_temple_entry_junction_2,
          chequers_serial_rivers_micro_e, hangedman_decor_points,
          minmay_manual_mail, uniq_duvessa
D:5:      wad_crossroads, layout_cave_pools, fedhas_altar_4,
          gammafunk_temple_overflow_claw, uniq_eustachio
D:6:      layout_gridville, chequers_serial_rivers_micro_d, dk_noncrumbling_4
D:7:      layout_loops_ring, nicolae_overflow_hidden_temple,
          mainiacjoe_overflow_alcove_4
D:8:      gammafunk_corrupted_shrine, layout_basic, old_standard_altar,
          fountainhead
D:9:      layout_roguey, nemelex_spade_bored_becter,
          mainiacjoe_overflow_boulevard, minmay_fractal_squares_gapless_7,
          uniq_psyche
D:10:     layout_roguey, lair_entry_dummy, david_orc_2, lemuel_flamethrower_1
D:11:     layout_basic, ebering_ghost_gozag
D:12:     layout_irregular_city, serial_shops, nicolae_shop_behind_doors
D:13:     layout_grid_maze
Temple:   minmay_temple_bridge_abc
Lair:1:   layout_gridlike, basic_altar, st_stairs_9
Lair:2:   layout_layer_cave, serial_bayou_shore_a, infiniplex_staircase_pool
Lair:3:   layout_chaotic_city, dummy_snake_entry, st_stairs_9,
          minmay_stone_trees_small, lemuel_fruit_fields
Lair:4:   onia_ninara_swampy_vault, layout_loops_ring,
          minmay_shoals_entry_centaurs, nicolae_lair_lil_pond,
          infiniplex_staircase_pool_2
Lair:5:   layout_roguey, beast_lair_carwin_1, grunt_megastairs_4
Lair:6:   guppyfry_lair_end_dragon, layout_long_grid,
          hangedman_lair_tendril_chambers, minmay_slime_entry_eyes,
          serial_bayou_pond_b, uniq_nessos
Snake:1:  layout_rooms, uniq_rupert, uniq_agnes, uniq_frances
Snake:2:  layout_gridlike, st_stairs_10
Snake:3:  layout_basic, serial_shops, nicolae_shop_overgrown_old_shop,
          uniq_vashnia
Orc:1:    layout_diamond_mine, nicolae_orc_lava_tube, roderic_batcave,
          uniq_fannar, uniq_snorg
Orc:2:    st_orc_mages, layout_diamond_mine, portal_ice_cave_entry_ice_simulacra
Elf:1:    eino_elf_arrival_the_gate, layout_geoelf_diagonals,
          minmay_elf_annihilation, grunt_ministairs_13

Skill      XL: |  1  2  3  4  5  6  7  8  9 10 11 12 13 14 15 16 |
---------------+-------------------------------------------------+-----
Spellcasting   | 5 6 7 8 9 10 11 12 | 12.1
Invocations    | 1 2 3 4 5 6 7 8 9 10 11 12 | 12.1
Fighting       | 1 2 3 4 5 6 7 8 9 10 11 | 11.1
Short Blades   | 1 2 3 4 5 6 7 8 9 10 11 | 11.1
Long Blades    | 1 2 3 4 5 6 7 8 9 10 11 | 11.1
Axes           | 1 2 3 4 5 6 7 8 9 10 11 | 11.1
Maces & Flails | 1 2 3 4 5 6 7 8 9 10 11 | 11.1
Polearms       | 1 2 3 4 5 6 7 8 9 10 11 | 11.1
Staves         | 1 2 3 4 5 6 7 8 9 10 11 | 11.1
Slings         | 1 2 3 4 5 6 7 8 9 10 11 | 11.1
Bows           | 1 2 3 4 5 6 7 8 9 10 11 | 11.1
Crossbows      | 1 2 3 4 5 6 7 8 9 10 11 | 11.1
Throwing       | 1 2 4 6 7 9 10 11 13 14 15 | 15.0
Armour         | 1 2 3 4 5 6 7 8 9 10 11 | 11.1
Shields        | 1 2 3 4 5 6 7 8 9 10 11 | 11.1
Unarmed Combat | 1 2 3 4 5 6 7 8 9 10 11 | 11.1
Evocations     | 1 2 3 4 5 6 7 8 9 10 11 | 11.1
Hexes          | 1 2 3 4 5 6 7 8 9 |  9.3
Summonings     | 1 2 3 4 5 6 7 8 9 |  9.3
Necromancy     | 1 2 3 4 5 6 7 8 9 |  9.3
Translocations | 1 2 3 4 5 6 7 8 9 |  9.3
Transmutations | 1 2 3 4 5 6 7 8 9 |  9.3
Fire Magic     | 1 2 3 4 5 6 7 8 9 |  9.3
Ice Magic      | 1 2 3 4 5 6 7 8 9 |  9.3
Air Magic      | 1 2 3 4 5 6 7 8 9 |  9.3
Earth Magic    | 1 2 3 4 5 6 7 8 9 |  9.3
Poison Magic   | 1 2 3 4 5 6 7 8 9 |  9.3
Dodging        | 5 6 7 8 9 10 11 12 | 12.0
Stealth        | 5 6 7 8 9 10 11 | 11.9
Conjurations   | 8 9 10 11 | 11.7

Action                   |  1- 3 |  4- 6 |  7- 9 | 10-12 | 13-15 | 16-18 || total
-------------------------+-------+-------+-------+-------+-------+-------++-------
Melee: Unarmed           |    14 |       |       |       |       |       ||    14
       Bite              |     1 |     1 |     2 |     1 |     2 |       ||     7
       Mace              |       |     4 |       |       |       |       ||     4
       Rapier            |       |       |    22 |     2 |       |       ||    24
       Staff             |       |       |       |     2 |     6 |       ||     8
 Cast: Magic Dart        |    72 |    98 |   105 |    69 |    12 |       ||   356
       Searing Ray       |       |    10 |    27 |    25 |    20 |       ||    82
       Fulminant Prism   |       |     3 |    31 |   129 |   279 |     7 ||   449
       Iskenderun's Myst |       |     1 |    25 |    66 |   214 |    72 ||   378
       Scorch            |       |       |       |    11 |    92 |     4 ||   107
       Irradiate         |       |       |       |       |     1 |       ||     1
       Flame Wave        |       |       |       |       |     3 |       ||     3
       Lightning Bolt    |       |       |       |       |    20 |   111 ||   131
       Poisonous Vapours |       |       |       |       |     5 |     3 ||     8
       Freezing Cloud    |       |       |       |       |     1 |       ||     1
       Starburst         |       |       |       |       |       |     7 ||     7
Evoke: Wand              |       |     4 |     4 |       |     4 |     7 ||    19
  Use: Scroll            |       |     4 |     2 |    11 |    13 |     9 ||    39
       Potion            |       |       |       |     2 |    12 |     4 ||    18
 Stab: Sleeping          |       |     1 |       |       |       |       ||     1
Armor: Robe              |     5 |     2 |    10 |     7 |    10 |       ||    34
       Troll leather arm |       |       |       |       |     3 |       ||     3
       Swamp dragon scal |       |       |       |       |       |    26 ||    26
Dodge: Dodged            |    29 |    10 |    36 |    32 |    57 |    42 ||   206
Block: Other             |       |       |     1 |     9 |    14 |    14 ||    38
       Reflection        |       |       |       |     2 |     7 |     8 ||    17
